[Event "85th Tata Steel Challengers 2023"]
[Site "Wijk aan Zee"]
[Date "2023.01.24"]
[Round "9.2"]
[White "Vaishali, Rameshbabu"]
[Black "Yilmaz, Mustafa"]
[Result "0-1"]
[ECO "B94"]
[WhiteElo "2425"]
[BlackElo "2609"]
[Annotator "TA"]
[PlyCount "68"]
[EventDate "2023.01.10"]
[EventType "tourn"]
[EventCountry "NED"]
[SourceTitle "playchess.com"]
[Source "ChessBase"]
[SourceQuality "1"]
[TimeControl "40/6000+30:30/3000+30:900+30"]

1. e4 c5 2. Nf3 d6 3. d4 cxd4 4. Nxd4 Nf6 5. Nc3 a6 6. Bg5 Nbd7 7. Be3 {[%emt 0:00:27] B94: Sicilian Najdorf: 6 Bg5 Nbd7.} Qc7 8. g4 {[%emt 0:01:27] With the idea g5.} h6 9. a4 {[%emt 0:01:02] [#] The position is equal.} e6 $146 ({Predecessor:} 9... b6 10. Bg2 Bb7 11. h4 Ne5 12. g5 hxg5 13. hxg5 Rxh1+ 14. Bxh1 Nfd7 15. Nd5 Bxd5 16. exd5 {1-0 Kochavi,O (2356)-Leib,Y (1673) Ramat Gan Shavuot Rapid 2022 (5)}) 10. h4 (10. Qe2 $11) 10... h5 (10... d5 $15) 11. g5 $11 Ng4 {[%emt 0:00:35] [#]} 12. g6 Nde5 $15 13. gxf7+ Qxf7 14. Qe2 Nxe3 15. fxe3 Bd7 16. O-O-O O-O-O (16... Be7 $17) 17. Bh3 (17. Qd2 $11) 17... Be7 $17 18. Rdf1 Bf6 19. Rhg1 (19. Qd2 $17 {was worth a try.}) 19... Qe7 $19 20. Rf4 Kb8 (20... Bxh4 21. Nxe6 Bxe6 22. Bxe6+ (22. Nd5 Bxh3 23. Nxe7+ Bxe7 $17) 22... Qxe6 23. Rxh4 $17) 21. Qe1 Rh6 22. Nce2 Ng6 (22... Bxa4 23. Bxe6 g5 24. hxg5 Bxg5 25. Nc3 Bxf4 26. exf4 $11) 23. Qb4 $2 (23. Rxf6 {was necessary.} Qxf6 24. Rg5) 23... Rc8 $2 ({And not} 23... Nxh4 24. Rxf6 Rxf6 25. e5 $15) (23... Bxh4 24. Bxe6 Nxf4 25. Nxf4 $11) ({But not} 23... Nxf4 $2 24. Nxf4 Bxd4 25. exd4 $19) (23... Bxd4 $19 {and Black stays clearly on top.} 24. exd4 Nxf4 25. Nxf4 Qxh4 26. Qxd6+ Ka8) 24. Rxf6 $17 gxf6 25. Qb3 (25. b3 $17 {might work better.}) 25... Nxh4 $19 {[%emt 0:04:48] aiming for ...e5.} 26. Nxe6 (26. Nf4) 26... Rg6 {[%emt 0:04:59] Threatens to win with ...Rxg1+.} 27. Rd1 {[%emt 0:00:29] [#]} Rg2 $1 {[%emt 0:01:58][%mdl 576] Deflection} 28. N2d4 ({Much worse is} 28. Bxg2 Bxe6 29. Qd3 Nxg2 $19) 28... Rg3 (28... Rh2 $142 29. Bf5 Nf3) 29. Bf1 (29. Rh1) 29... Bxe6 30. Nxe6 (30. Qxe6 $142 Qxe6 31. Nxe6) 30... Ng2 {[%emt 0:00:58] Black is clearly winning.} 31. Bxa6 Nxe3 32. Rd3 {[%emt 0:00:39] [#]} Nxc2 $1 33. Kd2 (33. Rc3 Ne3) 33... Na1 34. Qb6 Rc6 {[%emt 0:00:36][%mdl 64] Skewer. A brilliant game!   Weighted Error Value: White=1.05/Black=0.66} 0-1

[Event "85th Tata Steel Challengers 2023"]
[Site "Wijk aan Zee"]
[Date "2023.01.24"]
[Round "9.3"]
[White "Tabatabaei, M. Amin"]
[Black "Ivic, Velimir"]
[Result "1/2-1/2"]
[ECO "D33"]
[WhiteElo "2686"]
[BlackElo "2585"]
[Annotator "TA"]
[PlyCount "90"]
[EventDate "2023.01.10"]
[EventType "tourn"]
[EventCountry "NED"]
[SourceTitle "playchess.com"]
[Source "ChessBase"]
[SourceQuality "1"]
[TimeControl "40/6000+30:30/3000+30:900+30"]

1. Nf3 Nf6 2. c4 c5 3. Nc3 e6 4. g3 d5 5. cxd5 exd5 6. d4 Nc6 7. a3 {[%emt 0:00:15] D33: Tarrasch Defence: 6 g3 sidelines.} cxd4 8. Nxd4 Bc5 {[%emt 0:00:10] 8...Be7 is vanishing.} 9. Be3 {[%emt 0:00:14] White has an edge.} Bb6 (9... Qb6 $2 10. Na4 Qa5+ 11. Bd2 $18 (11. b4 Nxb4 12. axb4 Bxb4+ 13. Bd2 Ne4 $18)) 10. Na4 Bxd4 11. Bxd4 O-O 12. Bg2 {[%emt 0:04:02] [#]} Bg4 $146 ({Predecessor:} 12... Re8 13. Nc3 Ne4 14. Nxe4 dxe4 15. Bc3 Bg4 16. h3 Bh5 17. Qa4 Bf3 18. Rd1 Qe7 19. Bxf3 exf3 {½-½ Khismatullin,D (2639)-Lorparizangeneh,S (2519) Moscow Aeroflot op-A 16th 2017 (1)}) 13. h3 Bf5 14. O-O Ne4 15. e3 Re8 16. Rc1 Qd7 17. g4 Bg6 (17... Nxd4 18. Qxd4 Be6 19. f3 $16) 18. Nc3 Nxc3 19. Bxc3 {[%emt 0:02:23] A strong pair of Bishops.} (19. bxc3 Be4 $15) 19... Rad8 20. b4 a6 21. a4 b5 22. axb5 (22. Ba1 {simplifies} f6 23. axb5 axb5 24. Bxd5+ Qxd5 25. Qxd5+ Rxd5 26. Rxc6 h5 27. Kh2) 22... axb5 23. Qe2 Be4 $1 24. Qxb5 (24. f3 $5 d4 25. fxe4 dxc3 26. Qxb5 $14) 24... Rb8 ({Better is} 24... Nd4 $1 $11 25. Qxd7 (25. Bxd4 $2 {loses.} Qxb5 26. f3 Bd3 $19) 25... Ne2+ 26. Kh2 Rxd7) 25. Qc5 Nd8 {[%emt 0:00:26] [#] Strongly threatening ...Bxg2.} 26. Rfd1 {[%emt 0:06:44] Threatens to win with Qd4.} Ne6 {[%emt 0:03:26] Wards off Qd4} 27. Qc4 Qa4 28. Qf1 Rbc8 29. Be1 Bxg2 30. Qxg2 d4 31. Ra1 (31. exd4 $2 {perishes.} Rxc1 32. Rxc1 Nf4 $19) 31... Qb3 32. Rab1 (32. exd4 Nf4 33. Rab1 Qa3 $17) 32... Qa3 33. Bd2 (33. exd4 Nf4 34. Ra1 Nxg2 $19) 33... Qa2 34. exd4 Nxd4 35. b5 {[%emt 0:00:14] Black must now prevent b6.} Rcd8 36. Bg5 (36. Be3 $5 Nxb5 37. Qc6 $14) 36... f6 37. Be3 {[%emt 0:00:16] And now b6 would win.} Nxb5 {[%emt 0:00:27][%mdl 64] [#] ...Nc3 would be deadly. Deflection} 38. Qc6 {[%emt 0:00:04] Against Nc3} Na3 39. Ra1 Rxd1+ 40. Rxd1 Qe6 {[%emt 0:00:21] Black is weak on the dark squares} 41. Rd6 Qe4 {[%emt 0:02:54] The position is equal.} 42. Qxe4 Rxe4 43. Rd8+ Kf7 44. Rd7+ Kg8 $1 45. Rd8+ Kf7 {[%emt 0:00:04] Weighted Error Value: White=0.07 (flawless) /Black=0.09 (flawless)} 1/2-1/2

[Event "85th Tata Steel Challengers 2023"]
[Site "Wijk aan Zee"]
[Date "2023.01.24"]
[Round "9.4"]
[White "Beerdsen, Thomas"]
[Black "Warmerdam, Max"]
[Result "0-1"]
[ECO "B96"]
[WhiteElo "2515"]
[BlackElo "2616"]
[Annotator "TA"]
[PlyCount "110"]
[EventDate "2023.01.10"]
[EventType "tourn"]
[EventCountry "NED"]
[SourceTitle "playchess.com"]
[Source "ChessBase"]
[SourceQuality "1"]
[TimeControl "40/6000+30:30/3000+30:900+30"]

1. e4 c5 2. Nf3 d6 3. d4 cxd4 4. Nxd4 Nf6 5. Nc3 a6 6. Bg5 e6 7. f4 h6 8. Bh4 Qb6 9. Qd3 {[%emt 0:00:05] B96: Sicilian Najdorf: 6 Bg5 e6 7 f4, lines other than 7...Qb6 and 7...Be7.} Nc6 10. Nb3 {[%emt 0:24:42] [#]} Qc7 $146 ({Predecessor:} 10... Be7 11. Bf2 Qc7 12. Be2 b5 13. Bf3 Bb7 14. a4 Nb4 15. Qe2 bxa4 16. Rxa4 d5 {½-½ Li,Z-Maninang,R CHN-PHI m Manila 1977 (1.5)}) 11. O-O-O {[%emt 0:02:07] White is slightly better.} b5 12. Be2 b4 13. Na4 Be7 14. Bxf6 gxf6 15. Qe3 (15. Nd2 $5 ) 15... Rb8 16. Rd2 Na7 (16... e5 $11) 17. Rhd1 $1 $14 Nb5 18. Kb1 h5 ({Black should try} 18... Bd7 $14) 19. Qg3 (19. c3 $16) 19... Kf8 $1 {[%emt 0:01:33] [#]} 20. f5 $1 e5 (20... h4 21. Qf4) 21. Qe3 ({White should play} 21. c4 $14) 21... Qa7 (21... Bd7 $11 {remains equal.}) 22. Qf3 (22. Qxa7 $16 Nxa7 23. Na5) 22... Bd7 23. g4 hxg4 24. Qxg4 Rg8 25. Qh5 Qe3 {[%emt 0:01:27] [#]} (25... Rc8 $11 {keeps the balance.}) 26. Bc4 (26. Nac5 $1 $16 dxc5 27. Rxd7) 26... Be8 $11 27. h4 {[%emt 0:00:28] Repels Qg5} Bd8 28. Bd5 Nc7 {[%emt 0:01:54][%cal Oc7d5] ...Nxd5! would be deadly.} 29. Bc4 Nb5 30. Bd5 $132 {[%emt 0:00:25][%mdl 2048] White puts up resistance} Qf4 31. Qh7 Rg7 32. Qh8+ Rg8 {[%emt 0:00:03] Some like it hot} 33. Qh7 Qg4 34. Qh6+ $1 Ke7 35. Bc4 Bc7 (35... Qxe4 $5 36. Bxb5 {[%mdl 64] Remove Defender} Bxb5 37. Rxd6 Qxf5 $11) 36. Qe3 Qg3 37. Qh6 (37. Qe2 $1 $11 {and White stays safe.}) 37... Qg7 38. Qe3 Qg3 39. Qh6 {[%emt 0:00:32] [#]} Qf4 (39... Rg4 $1 $19 40. Rd3 Qxh4 41. Qxh4 Rxh4) 40. Qh7 $17 Qg4 41. Qh6 $2 {[%emt 0:20:26] Loses the game.} (41. Rd3 $17) 41... Qxe4 $19 42. Bd5 ({Don't play} 42. Qh7 Rg4 43. Bd5 Rxh4 $19) 42... Qg4 43. Qe3 Qg3 {[%emt 0:01:00] Dodges h5} (43... Qxf5 $2 44. Rf2 Qh5 45. Rdf1) 44. Qh6 (44. Qe2 $142) 44... Rg4 45. h5 Qf4 46. Qh7 Qg5 47. Rh1 (47. h6 $142 Rh4 48. Qg7) 47... Rg1+ 48. Rd1 Qg7 49. Qxg7 Rxg7 50. h6 Rh7 {[%emt 0:00:16] Hoping for ...Na7.} 51. Nd2 Bd7 52. Rh5 Rbh8 53. Rdh1 Nd4 $1 54. b3 Nxf5 {[%emt 0:00:23] And now ...Ng3 would win.} (54... Bxf5 $2 {perishes.} 55. Nf3 Bxc2+ 56. Kc1 Nxf3 57. Kxc2 Nd4+ 58. Kd1 $19) 55. Be4 Rxh6 {[%emt 0:00:09] A cool game by Warmerdam.   Weighted Error Value: White=0.32/Black=0.26 (precise)} 0-1

[Event "85th Tata Steel Challengers 2023"]
[Site "Wijk aan Zee"]
[Date "2023.01.24"]
[Round "9.5"]
[White "Sindarov, Javokhir"]
[Black "Mishra, Abhimanyu"]
[Result "1-0"]
[ECO "B90"]
[WhiteElo "2654"]
[BlackElo "2559"]
[Annotator "TA"]
[PlyCount "69"]
[EventDate "2023.01.10"]
[EventType "tourn"]
[EventCountry "NED"]
[SourceTitle "playchess.com"]
[Source "ChessBase"]
[SourceQuality "1"]
[TimeControl "40/6000+30:30/3000+30:900+30"]

1. e4 c5 2. Nf3 d6 3. d4 cxd4 4. Nxd4 Nf6 5. Nc3 a6 6. Qd3 {[%emt 0:02:21] B90: Sicilian Najdorf: Unusual White 6th moves, 6 Be3 Ng4 and 6 Be3 e5.} Nbd7 7. Be2 b5 8. Nd5 {[%emt 0:02:58] The position is equal.} Bb7 {[%emt 0:00:32] Repels Nc6} 9. a4 {[%emt 0:00:57] [#]} bxa4 $146 ({Predecessor:} 9... Nc5 10. Nxf6+ gxf6 11. Qe3 bxa4 12. f3 h5 13. Qf2 e6 14. O-O Qb6 15. b3 axb3 16. Nxb3 {1-0 Vidit,S (2723)-Wei,Y (2727) Chessable Masters Prelim rapid 2022 (11)}) 10. Nxf6+ (10. Rxa4 Nxd5 11. exd5 Nc5 $17) 10... Nxf6 11. f3 (11. Rxa4 Bxe4 12. Qb3 e5 $15) 11... g6 (11... e5 $5 12. Nf5 $8 d5 $11) 12. Rxa4 Nd7 13. Nb3 Ne5 14. Qe3 (14. Qc3 $5 Rc8 15. Qd2 $14) 14... Bg7 15. Bd2 Qd7 16. Ra3 O-O 17. Bc3 Rfc8 (17... Bc6 $11) 18. O-O $14 Nc6 19. Bxg7 Kxg7 20. Nd2 Qe6 21. Nc4 {[%emt 0:02:02] Hoping for Nb6.} Rc7 ({Black should play} 21... Rab8) 22. Nb6 {[%emt 0:01:53] White is more active.} Rb8 {[%emt 0:01:39] [#]} (22... Rf8 $16 {is a better defense.} 23. Nd5 (23. Bxa6 Bxa6 24. Rxa6 Nb8 $14) 23... Rcc8) 23. Rc3 $1 $18 ({Don't take} 23. Bxa6 $6 Bxa6 24. Rxa6 Qe5 $14) 23... f5 24. Bc4 Qe5 25. Bb3 {[%emt 0:00:42] f4 is the strong threat.} Rf8 $2 {[%emt 0:06:57] A mistake that costs the game.} (25... fxe4 $16 26. fxe4 e6) 26. f4 Qa5 27. Be6 {[%emt 0:01:55] White is clearly winning.} Rf6 {[%emt 0:00:58] [#]} (27... fxe4 $142 28. f5 Bc8 29. Nxc8 Ne5) 28. b4 $1 {[%emt 0:02:10][%mdl 576] Decoy} Qxb4 29. Nd5 Qxe4 30. Qxe4 ({Inferior is} 30. Nxf6 Qxe3+ 31. Rxe3 Kxf6 $15) 30... fxe4 31. Nxc7 {[%emt 0:00:04] Strongly threatening Ne8+.} Nd4 32. Ne8+ Kf8 33. Nxf6 Ne2+ 34. Kf2 Nxc3 35. Nxh7+ {[%emt 0:00:03] Weighted Error Value: White=0.11 (very precise) /Black=0.46} 1-0

[Event "85th Tata Steel Challengers 2023"]
[Site "Wijk aan Zee"]
[Date "2023.01.24"]
[Round "9.6"]
[White "Adhiban, B.."]
[Black "Roebers, Eline"]
[Result "1-0"]
[ECO "A17"]
[WhiteElo "2610"]
[BlackElo "2361"]
[Annotator "TA"]
[PlyCount "81"]
[EventDate "2023.01.10"]
[EventType "tourn"]
[EventCountry "NED"]
[SourceTitle "playchess.com"]
[Source "ChessBase"]
[SourceQuality "1"]
[TimeControl "40/6000+30:30/3000+30:900+30"]

1. Nf3 Nf6 2. c4 e6 3. Nc3 Bb4 4. g4 h6 5. Rg1 b6 6. Qb3 {[%emt 0:00:22] A17: English Opening: 1...Nf6 with ...Bb4.} Be7 7. d4 Bb7 {[%emt 0:04:18] [#]} 8. g5 $146 {[%emt 0:00:49] The position is equal.} ({Predecessor:} 8. d5 Na6 9. e4 Nc5 10. Qc2 exd5 11. exd5 c6 12. dxc6 Bxc6 13. Ne5 Qc7 14. Nxc6 dxc6 {0-1 Malinin,Y (2186)-Butvilas,A (2061) Panevezys op-A 2019 (9)}) 8... hxg5 9. Bxg5 d6 (9... Bxf3 $11 10. exf3 c5) 10. O-O-O $14 Nbd7 11. h4 a6 12. Bh3 Nh5 13. d5 e5 14. Bxd7+ (14. Be3 {simplifies} Bc8 15. Qc2 Ndf6 16. Bxc8 Qxc8 17. Bg5) 14... Qxd7 15. c5 {[%emt 0:00:09] Hoping for c6.} Qd8 (15... Bc8 $1 $11) 16. Bxe7 Kxe7 17. Ne4 {[%emt 0:17:40][%cal Of3e5] Threatens to win with Nxe5!} Bc8 {[%emt 0:05:29] [#]} (17... Nf6 $14) 18. Nxe5 $1 $16 {[%emt 0:15:11][%mdl 512] White has more active pieces.} dxe5 19. d6+ (19. Ng5 $1 $16 {Threatening mate with d6+.} Ke8 20. d6) 19... cxd6 $1 $11 (19... Kf8 $2 20. Ng5 Qf6 21. dxc7 $18 (21. cxb6 $2 cxb6 22. Qd5 Ra7 $19)) 20. Rxd6 Qc7 {[%emt 0:15:27] White must now prevent ...Bf5.} 21. Rg5 {[%emt 0:05:43][%cal Bg1g5,Bg5e5,Be5f5,Bf5f6,Bf6g6,Bg6f6,Bf6f7][%mdl 32] Prevents Bf5. Really sharp!} (21. Qxb6 $2 Qxb6 22. Rxb6 Be6 $19) (21. Qd5 $5 Bb7 22. c6 Bxc6 23. Rxc6 Qxc6+ 24. Qxc6 $15) 21... bxc5 $2 {[%emt 0:03:09][%mdl 8192] White now steadily converts the win.} (21... Be6 $15 {stays ahead.} 22. Rxe5 Rh6) 22. Rxe5+ $18 (22. Qd5 Bb7 23. Qxe5+ Kf8 $14) 22... Kf8 {[%emt 0:00:02][%cal Oh5f6] ...Nf6! is the strong threat.} 23. Ng5 $1 {[%emt 0:02:12][%cal Od6d8] White threatens Rd8+! and mate.} (23. Qa4 $2 Bb7 24. Rxc5 Qe7 $19) 23... Bb7 {[%emt 0:04:58] [#]} (23... Qxd6 $2 24. Qxf7#) (23... Bg4 {might work better.}) 24. Rf5 $1 Nf6 (24... Qxd6 $2 25. Qxf7#) 25. Rdxf6 gxf6 26. Rxf6 Kg8 27. Rg6+ $40 {[%emt 0:00:49][%mdl 128] White mounts an attack.} Kf8 28. Rf6 Kg8 (28... Rxh4 29. Rxf7+ (29. Qxf7+ Qxf7 30. Rxf7+ Kg8 $15) 29... Kg8 30. Rxc7+ Kh8 31. Qc3+ Rd4 32. Qh3+) 29. Rxf7 c4 {[%emt 0:00:06] [#]} 30. Qb4 (30. Qxb7 Qxb7 31. Rxb7 Rxh4 $11) (30. Qc3 Qxf7 31. Nxf7 Kxf7 $16) 30... a5 {[%emt 0:01:59] [#] Strongly threatening ...Qxf7.} 31. Qb5 $1 (31. Qc3 Qxf7 32. Nxf7 Kxf7 $16) 31... Ba6 (31... Qxf7 $18 32. Nxf7 Kxf7 33. Qxb7+ Kg6 34. Qg2+ Kh7 35. Qe4+ Kg7 36. Qe7+ (36. Qxc4 $2 Rac8 $19) 36... Kh6 37. Qg5+ Kh7) 32. Qd5 (32. Qf5 $142 Qc6 33. Rh7 (33. Qxa5 $2 c3 $19) 33... Qh1+ 34. Kc2 Qd1+ {[%mdl 64] Decoy} 35. Kxd1 Rd8+ 36. Kc1 Rd1+ 37. Kxd1 Rxh7 38. Qxh7+ Kf8 39. Qf7#) 32... Bb7 33. Qe6 ({Stronger than} 33. Rxc7+ Bxd5 34. e4 Rf8 35. exd5 Rxh4 $15) ({And not} 33. Qxb7 Qxb7 34. Rxb7 Rxh4 $11) 33... Qc6 34. Qe5 ({Worse is} 34. Rxb7+ Qxe6 35. Nxe6 Rxh4 $11) 34... Qh1+ 35. Kc2 Be4+ 36. Nxe4 Kxf7 37. Nd6+ {[%emt 0:00:17] White mates.} Kg6 38. Qg5+ Kh7 39. Qh5+ Kg7 40. Qf7+ Kh6 41. Nf5# {[%emt 0:00:02] Magnificent play by Adhiban!   Weighted Error Value: White=0.53/Black=0.65} 1-0

[Event "85th Tata Steel Challengers 2023"]
[Site "Wijk aan Zee"]
[Date "2023.01.24"]
[Round "9.7"]
[White "Pechac, Jergus"]
[Black "Supi, Luis Paulo"]
[Result "1/2-1/2"]
[ECO "D35"]
[WhiteElo "2637"]
[BlackElo "2608"]
[Annotator "TA"]
[PlyCount "75"]
[EventDate "2023.01.10"]
[EventType "tourn"]
[EventCountry "NED"]
[SourceTitle "playchess.com"]
[Source "ChessBase"]
[SourceQuality "1"]
[TimeControl "40/6000+30:30/3000+30:900+30"]

1. d4 d5 2. c4 e6 3. Nc3 Be7 4. Bf4 Nf6 5. e3 O-O 6. a3 {[%emt 0:00:27] D35: Queen's Gambit Declined: Exchange Variation.} b6 7. cxd5 exd5 8. Bd3 {[%emt 0:01:43] White is slightly better.} c5 9. Nge2 Bb7 10. Qc2 {[%emt 0:05:56] [#]} Nc6 $146 (10... c4 $5 11. Bf5 $8 Re8 $11) ({Predecessor:} 10... Nbd7 11. O-O Rc8 12. Bf5 h6 13. Rfd1 c4 14. Nb5 a6 15. Nd6 Bxd6 16. Bxd6 Re8 {1-0 Mikhailovsky,V (2184)-Krishnan,V (2203) Titled Tuesday intern op 22 Mar Early blitz 2022 (6)}) 11. dxc5 bxc5 12. O-O g6 13. Rfd1 Qc8 {[%emt 0:01:26] ...c4 is the strong threat.} 14. Ng3 Rd8 15. Bf1 Qe6 16. Na4 c4 17. b3 Na5 18. bxc4 Nxc4 ({But not} 18... dxc4 19. Bc7 Nb3 20. Bxd8 Nxa1 21. Qb2 Rxd8 22. Rxd8+ Bxd8 23. Qxb7) 19. Qb3 Rd7 20. Nb2 Rc8 21. Ne2 (21. Rab1 $11) 21... Nh5 ({Black should try} 21... Ne4 $15 22. Nxc4 dxc4) 22. Nd4 $11 Qf6 (22... Qa6 $14) 23. Qb5 ({White should play} 23. Nxc4 $16 dxc4 24. Qb5) 23... Nb6 24. Nd3 {[%emt 0:04:20] Strongly threatening Be5.} Nxf4 25. Nxf4 Bd6 26. g3 Rdc7 27. Bh3 Rc5 28. Qb3 Rb8 29. a4 Ba6 {[%emt 0:05:42] White must now prevent ...Nc4.} (29... Nc4 $5 30. Rab1 Bc8 31. Qxb8 (31. Nxd5 $2 Qe5 $19) 31... Bxb8 32. Rxb8 Nb6 $11) 30. Rab1 Bc4 31. Qb4 (31. Qb2 $11) 31... Qd8 (31... Rb5 $1 $15 32. Qxb5 Bxb5 33. axb5 Bxf4 34. gxf4 Rb7) 32. Qb2 {[%emt 0:05:33][%cal Od4e6] [#] Threatens to win with Nde6! The position is equal.} Be5 (32... Nxa4 33. Qa1 Rxb1 34. Rxb1 $16) 33. Qa3 Bd6 34. Qa1 {[%emt 0:01:41][%cal Od4e6] Hoping for Nde6!} Be5 $1 35. Qa3 Bd6 36. Qa1 {[%emt 0:02:36][%cal Od4e6] [#] aiming for Nde6!} Be5 $1 37. Qa3 Bd6 38. Qa1 {[%emt 0:00:52] Weighted Error Value: White=0.15 (very precise) /Black=0.11 (very precise)} 1/2-1/2

[Event "85th Tata Steel Challengers 2023"]
[Site "Wijk aan Zee"]
[Date "2023.01.20"]
[Round "10.1"]
[White "Yilmaz, Mustafa"]
[Black "Adhiban, B.."]
[Result "1/2-1/2"]
[ECO "A33"]
[WhiteElo "2609"]
[BlackElo "2610"]
[Annotator "TA"]
[PlyCount "53"]
[EventDate "2023.01.10"]
[EventType "tourn"]
[EventCountry "NED"]
[SourceTitle "playchess.com"]
[Source "ChessBase"]
[SourceQuality "1"]
[TimeControl "40/6000+30:30/3000+30:900+30"]

1. Nf3 c5 2. c4 Nc6 3. d4 cxd4 4. Nxd4 Nf6 5. Nc3 e6 6. a3 Be7 7. e4 O-O {[%emt 0:00:10] A33: Symmetrical English: 2 Nf3 Nf6 3 d4 cxd4 4 Nxd4 e6 5 Nc3 Nc6.} 8. Nf3 Qc7 9. Be2 b6 {[%emt 0:00:05] The position is equal.} 10. O-O Bb7 11. Bg5 a6 {[%emt 0:09:52] [#]} 12. Bh4 $146 ({Predecessor:} 12. Rc1 Ng4 13. Bxe7 Nxe7 14. h3 Nf6 15. e5 Ne8 16. Qd4 Ng6 17. Ne4 f5 18. exf6 Nxf6 {0-1 Bu,X (2682)-Zhou,J (2650) CHN-chT 6th China 2010 (14)}) 12... Nh5 13. Re1 Bxh4 14. Nxh4 Nf4 15. Bf1 Ne5 16. Rc1 (16. Nf3 $5 ) 16... Rac8 ({Weaker is} 16... Nxc4 17. Bxc4 Qxc4 18. Nd5 $16 (18. Qxd7 Nd3 $11)) 17. Nf3 Nxf3+ 18. Qxf3 f5 19. Qe3 fxe4 20. Nxe4 Bxe4 21. Qxe4 a5 22. Rcd1 Nh5 23. Qe5 Nf6 24. Qxc7 Rxc7 25. Rd6 Rb8 26. b3 Kf7 27. Rd4 {[%emt 0:00:51] Weighted Error Value: White=0.07 (flawless) /Black=0.07 (flawless)} 1/2-1/2

[Event "85th Tata Steel Challengers 2023"]
[Site "Wijk aan Zee"]
[Date "2023.01.20"]
[Round "10.2"]
[White "Warmerdam, Max"]
[Black "Donchenko, Alexander"]
[Result "0-1"]
[ECO "B53"]
[WhiteElo "2616"]
[BlackElo "2627"]
[Annotator "TA"]
[PlyCount "80"]
[EventDate "2023.01.10"]
[EventType "tourn"]
[EventCountry "NED"]
[SourceTitle "playchess.com"]
[Source "ChessBase"]
[SourceQuality "1"]
[TimeControl "40/6000+30:30/3000+30:900+30"]

1. e4 c5 2. Nf3 d6 3. d4 cxd4 4. Qxd4 Nf6 5. e5 Nc6 6. Qa4 {[%emt 0:00:06] B53: Sicilian: 2...d6: Lines with Qxd4.} Ng4 {[%emt 0:02:56] [#] White must now prevent ...Qb6.} 7. Bb5 $1 {[%emt 0:00:33] [#]} Ngxe5 $146 ({Predecessor:} 7... Qb6 8. O-O Ngxe5 9. Nxe5 dxe5 10. Na3 Bd7 11. Nc4 Qc7 12. Be3 a6 13. Nb6 Rd8 {0-1 Belenkaya,D (2341)-Nechaeva,M (2386) RUS-ch Higher League (Women) 71st 2021 (3)}) 8. Nxe5 {[%emt 0:00:06] The position is equal.} dxe5 9. Bxc6+ bxc6 10. Be3 f6 11. Nc3 Kf7 12. O-O Bf5 13. Qxc6 a6 (13... Qc8 $5 14. Qxc8 Rxc8 $11) 14. Rfd1 Qc8 15. Qxc8 Rxc8 16. Rac1 g5 17. Rd2 e6 18. Na4 Be7 19. c4 Be4 20. c5 Bc6 21. Nb6 Rcd8 22. Nc4 Rxd2 23. Bxd2 Rd8 24. Be3 Ke8 25. b4 Kd7 26. f3 Kc7 27. Kf2 h5 28. h4 gxh4 29. Nd6 f5 (29... Bxd6 {simplifies} 30. cxd6+ Rxd6 31. Ke2 Kb7) 30. Re1 $2 {[%emt 0:01:27] [#] Now White is beyond hope.} (30. a4 $17) 30... h3 $1 $19 {[%emt 0:01:22] Threatens to win with ...f4.} 31. Rh1 hxg2 32. Rxh5 (32. Kxg2 f4 33. Bc1 Bxd6 34. cxd6+ Rxd6 35. Rf1) 32... Rg8 33. Kg1 Rg7 {[%emt 0:00:19] Wards off Rh7} ({Inferior is} 33... Bxf3 34. Rh7 f4 35. Bxf4 $17 (35. Rxe7+ $2 {is the wrong capture.} Kd8 $19)) (33... f4 $142 34. Bd2 Bxf3) 34. Nc4 Bxf3 {[%emt 0:03:17] A strong pair of Bishops.} 35. Rh6 (35. Rh3 Bg4 36. Rh8) 35... f4 36. Nxe5 Bg5 37. Rh3 $2 (37. Rh2 Be4 38. Bf2) 37... fxe3 {[%emt 0:02:35] Black is clearly winning.} 38. Nxf3 e2 {[%emt 0:00:08] ( -> ...Be3+)} 39. Kxg2 Bh4+ 40. Kh2 e1=Q {[%emt 0:01:49] Weighted Error Value: White=0.37/Black=0.10 (very precise)} (40... Rg4 $142 41. Ne1 Bxe1) 0-1

[Event "85th Tata Steel Challengers 2023"]
[Site "Wijk aan Zee"]
[Date "2023.01.20"]
[Round "10.3"]
[White "L'Ami, Erwin"]
[Black "Sindarov, Javokhir"]
[Result "1/2-1/2"]
[ECO "E48"]
[WhiteElo "2627"]
[BlackElo "2654"]
[Annotator "TA"]
[PlyCount "90"]
[EventDate "2023.01.10"]
[EventType "tourn"]
[EventCountry "NED"]
[SourceTitle "playchess.com"]
[Source "ChessBase"]
[SourceQuality "1"]
[TimeControl "40/6000+30:30/3000+30:900+30"]

1. d4 Nf6 2. c4 e6 3. Nc3 Bb4 4. e3 O-O 5. Bd3 d5 6. Nge2 dxc4 7. Bxc4 c5 8. a3 Bxc3+ {[%emt 0:06:18] E48: Nimzo-Indian: Rubinstein: 5 Bd3 d5 including 6 Ne2, but excluding 6 a3.} 9. Nxc3 cxd4 10. Qxd4 Qxd4 11. exd4 Rd8 12. Be3 {[%emt 0:03:19] [#]} b6 $146 ({Predecessor:} 12... Nbd7 13. O-O Nb6 14. Bb3 Bd7 15. Rfd1 Bc6 16. f3 h6 17. Kf2 Nfd5 18. Nxd5 Bxd5 19. Bxd5 Nxd5 {0-1 Boehm,J-Kindermann,S (2480) Dortmunder Schachtage-13 1985 (2)}) 13. f3 Ba6 14. Ba2 Nc6 15. Rd1 Rd7 16. d5 Nxd5 17. Nxd5 exd5 18. Rxd5 Re7 19. Kd2 Rae8 20. Re1 h6 21. Rd6 Na5 {[%emt 0:09:18] [#] Threatens to win with ...Bc4.} 22. b4 Nc4+ 23. Bxc4 Bxc4 24. Rd4 Bb5 25. Rd5 Bc4 26. Rd4 b5 27. a4 a6 28. a5 f5 29. h4 g5 30. hxg5 hxg5 {[%emt 0:00:07] [#] And now ...f4 would win.} 31. f4 g4 32. Rd6 Re4 33. g3 R8e7 34. Rd8+ Kf7 35. Rd6 Re8 36. Rd7+ Ke6 37. Rd4 Rh8 38. Bg1 Bd5 39. Rdxe4+ Bxe4 $11 {[%emt 0:00:30][%mdl 4096] Endgame KRB-KRB} 40. Bc5 Rh7 41. Kc3 Rh2 42. Re3 Rg2 43. Kb3 Kf6 44. Kc3 Bf3 45. Rd3 Be4 {[%emt 0:20:53] A balanced but interesting game.   Weighted Error Value: White=0.03 (flawless) /Black=0.03 (flawless)} 1/2-1/2